 Dungeon Crawl Stone Soup version 0.25-a0-589-g1e14c549ee (webtiles) character file.

Game seed: 8995575236155186571, levelgen mode: classic

357 EnegeticOcto the Skirmisher (level 6, 0/53 HPs)
             Began as a Mummy Chaos Knight on Mar 11, 2020.
             Was a Plaything of Xom.
             Slain by a jackal (2 damage)
             ... on level 6 of the Dungeon.
             The game lasted 00:03:47 (2656 turns).

EnegeticOcto the Skirmisher (Mummy Chaos Knight)    Turns: 2656, Time: 00:03:48

Health: 0/53       AC: 13    Str: 20    XL:     6   Next: 36%
Magic:  6/6        EV:  7    Int: 18    God:    Xom [.....*]
Gold:   189        SH:  3    Dex:  9    Spells: 5/5 levels left

rFire    . . .     SeeInvis .   q - +6 flail of Beyond {vorpal, Str+4 Int+5 Dex-2}
rCold    + . .     Gourm    .   (no shield)
rNeg     + + +     Faith    .   o - +0 chain mail
rPois    ∞         Spirit   .   j - +0 helmet
rElec    .         Reflect  +   k - +1 cloak
rCorr    .         Harm     .   n - +0 pair of gloves (curse)
MR       .....                  i - +0 pair of boots
Stlth    ..........             e - +3 amulet of reflection
HPRegen  0.17/turn              c - ring of protection from fire
MPRegen  0.10/turn              (no ring)

@: marked, very slightly contaminated
A: no food or potions, fire vulnerability, cold resistance 1, negative energy
resistance 3, torment resistance, unbreathing
a: Renounce Religion


You were on level 6 of the Dungeon.
You worshipped Xom.
You were Xom's teddy bear.
You were not hungry.

You visited 1 branch of the dungeon, and saw 4 of its levels.

You collected 189 gold pieces.

Inventory:

Hand Weapons
 a - a +0 spear of chaos
 p - a +5 morningstar
 q - the +6 flail of Beyond (weapon) {vorpal, Str+4 Int+5 Dex-2}
   (You found it on level 6 of the Dungeon)

   It inflicts extra damage upon your enemies.
   It affects your strength (+4).
   It affects your intelligence (+5).
   It affects your dexterity (-2).
Missiles
 d - 6 boomerangs (quivered)
Armour
 b - a +2 leather armour
 i - a +0 pair of boots (worn)
 j - a +0 helmet (worn)
 k - a +1 cloak (worn)
 n - a cursed +0 pair of gloves (worn)
 o - a +0 chain mail (worn)
Jewellery
 c - a ring of protection from fire (left hand)
 e - a +3 amulet of reflection (around neck)
Scrolls
 g - 2 scrolls of enchant armour {unknown}
 h - 2 scrolls of remove curse {@r2}
 l - a scroll of teleportation {@r3 !r}
 m - a scroll of enchant weapon


   Skills:
 + Level 6.8 Fighting
 * Level 1.7 Maces & Flails
 - Level 2.4 Polearms
 - Level 1.5 Armour
 - Level 0.7 Dodging


You had 5 spell levels left.
You didn't know any spells.
Your spell library was empty.

Dungeon Overview and Level Annotations

Branches:
Dungeon (3/15)

Altars:
Xom

Shops:
D:6 [

Annotations:
D:3 Natasha


Innate Abilities, Weirdness & Mutations

You do not eat or drink.
Your flesh is vulnerable to fire.
You are immune to poison.
Your flesh is cold resistant. (rC+)
You are immune to negative energy. (rN+++)
You are immune to unholy pain and torment.
You can survive without breathing.


Message History

Press: ? - help, Dir - move target cursor You are very lightly contaminated with residual magic.
As you read the scroll of blinking {@r4}, it crumbles to dust.
The dart slug launches a dart at you. The slug dart misses you.
You see here a scroll labeled FUODDU AWIOTYE.
As you read the scroll labeled FUODDU AWIOTYE, it crumbles to dust.
A profound silence engulfs you.
It was a scroll of silence.
The hound bites you. The hound bites you but does no damage.
Xom briefly touches your surroundings. The hound bites you but does no damage.
The hound barely misses you. The hound bites you.
You feel stronger.
You feel clever.
You feel clumsy.
q - the +6 flail of Beyond (weapon)
{vorpal, Str+4 Int+5 Dex-2} You hit the hound.
The hound is moderately wounded.
You block the hound's attack. x2
You closely miss the hound.
The hound is moderately wounded.
The hound barely misses you.
The hound bites you but does no damage. x2
You closely miss the hound.
The hound is moderately wounded.
The hound bites you but does no damage. The dart slug closely misses you.
The orc warrior hits you but does no damage.
The hound completely misses you.
The dart slug bites you but does no damage.
The orc warrior closely misses you. The hound bites you but does no damage.
The hound bites you but does no damage. Xom twists space around you.
Your surroundings suddenly seem different.
Your surroundings seem slightly different.
Your surroundings suddenly seem different.
You set off the alarm!
A sentinel's mark forms upon you.
The orc wizard points at you and mumbles some strange words.
The magic dart hits you but does no damage.
The orc priest casts a cantrip, but nothing happens.
There is an entrance to Jitaabug's Armour Shop here.
You can access your shopping list by pressing '$'.
Okay, then.
The hound bites you but does no damage.
You hit the hound.
The hound is heavily wounded.
The hound bites you but does no damage. The orc wizard casts a spell at you.
The magic dart hits you but does no damage.
The hound closely misses you.
You hit the hound.
The hound is almost dead.
The hound bites you but does no damage. You block the hound's attack.
The orc wizard hits you with a +0 dagger.
You sock the orc wizard!
You kill the orc wizard!
The hound bites you but does no damage. x2
The orc priest invokes the aid of Beogh against you.
Beogh smites you! The hound barely misses you.
There is an entrance to Jitaabug's Armour Shop here.
You sock the hound!
You kill the hound!
Your hearing returns.
The orc warrior barely misses you.
The orc priest invokes the aid of Beogh against you.
Beogh smites you!
The orc warrior hits you from afar with a +0 halberd.
The orc priest hits you but does no damage.
Xom grants you insight.
You detect items!
The orc priest calls down the wrath of Beogh upon you.
Beogh smites you!
* * * LOW HITPOINT WARNING * * *
Blink to where?
Press: ? - help, Dir - move target cursor
As you read the scroll of blinking {@r4}, it crumbles to dust.
The dart slug launches a dart at you.
The slug dart reflects off an invisible shield around you!
The slug dart hits the dart slug.
As you read the scroll labeled RUBRINKAJOVU, it crumbles to dust.
You feel strangely unstable.
It was a scroll of teleportation.
You hear Xom's avuncular chuckle.
The dart slug evaporates and reforms as a rat!
The orc priest mumbles some strange prayers to Beogh against you.
Beogh smites you!
* * * LOW HITPOINT WARNING * * *
Your surroundings suddenly seem different.
Xom thinks this is hilarious!
A jackal comes into view.
The jackal barks!
A jackal comes into view.
The jackal barks!
A bullfrog zombie comes into view.
A jackal comes into view. x2
Found a ration.
Found an escape hatch in the floor.
A quokka comes into view.
The jackal barely misses you. x2
Found a stone staircase leading up.
The jackal bites you.
You die...
Xom chuckles heartily!

### #<# ...
#.# #.#
#@###.#
#######hh...#
#.....hh#####
#....Z..#
#.......#
#...%..r#
#.......#
.........#
#.#....>..#


You could see a bullfrog zombie, a quokka and 4 jackals.

Vanquished Creatures
  A centaur (D:2)
  2 wights (D:3)
  2 hounds
  An orc wizard (D:6)
  2 adders (D:2)
  3 worms
  A dart slug (D:1)
  5 bats
  5 giant cockroaches
  8 goblins
  5 hobgoblins
  8 jackals
  8 kobolds
  4 frilled lizards
  6 rats
61 creatures vanquished.

Vanquished Creatures (collateral kills)
  A wight (D:3)
  A worm (D:3)
  An orc (D:3)
  A kobold (D:3)
4 creatures vanquished.

Grand Total: 65 creatures vanquished

Notes
Turn   | Place    | Note
-------+----------+-------------------------------------------
     0 | D:1      | EnegeticOcto the Mummy Chaos Knight began the quest for the
                  | Orb.
     0 | D:1      | Reached XP level 1. HP: 18/18 MP: 1/1
   157 | D:1      | XOM: divination: detect items
   495 | D:1      | Reached XP level 2. HP: 23/24 MP: 2/2
   795 | D:1      | Reached skill level 4 in Fighting
  1113 | D:1      | Reached XP level 3. HP: 30/30 MP: 3/3
  1473 | D:2      | XOM: harmless Chrm miscast
  1478 | D:2      | Reached XP level 4. HP: 34/38 MP: 4/4
  1538 | D:2      | XOM: 1-stop teleportation journey
  1587 | D:2      | Reached skill level 5 in Fighting
  1609 | D:2      | XOM: god gift: 49 gold pieces
  1646 | D:2      | Found a shimmering altar of Xom.
  1665 | D:2      | Noticed a centaur
  1668 | D:2      | XOM: summons 3 friendly demons
  1673 | D:2      | Killed a centaur
  1673 | D:2      | Reached XP level 5. HP: 30/46 MP: 5/5
  1813 | D:2      | Reached skill level 6 in Fighting
  2432 | D:3      | XOM: cloud trail
  2450 | D:3      | Reached XP level 6. HP: 52/53 MP: 6/6
  2451 | D:3      | Reached skill level 1 in Maces & Flails
  2455 | D:3      | Noticed Natasha
  2459 | D:3      | XOM: 3-stop teleportation journey
  2462 | D:3      | XOM: divination: magic mapping
  2610 | D:3      | You fall into a shaft and drop 3 floors!
  2610 | D:6      | Found Jitaabug's Armour Shop.
  2612 | D:6      | XOM: polymorph quokka -> dart slug
  2614 | D:6      | Noticed an orc warrior
  2616 | D:6      | Got a fine flail
  2622 | D:6      | XOM: scenery: create altars
  2625 | D:6      | Identified the +6 flail of Beyond {vorpal, Str+4 Int+5
                  | Dex-2} (You found it on level 6 of the Dungeon)
  2633 | D:6      | XOM: 3-stop teleportation journey
  2646 | D:6      | XOM: divination: detect items
  2650 | D:6      | XOM: polymorph dart slug -> rat
  2650 | D:6      | HP: 1/53 [orc priest/divine providence (12)]
  2656 | D:6      | Slain by a jackal

Levels and vault maps discovered:
D:1:      minmay_arrival_nine_rooms, layout_loops_ring, minmay_close_crescents
D:2:      layout_loops_ring, minivault_14, minmay_misc_feat_nine_boxes,
          xom_teletrap_fun
D:3:      layout_basic, uniq_natasha
D:6:      layout_basic, serial_shops, shop

Skill      XL: |  1  2  3  4  5  6 |
---------------+-------------------+-----
Fighting       | 4 5 6 |  6.8
Maces & Flails | 1 |  1.7
Polearms       | |  2.4
Armour         | |  1.5
Dodging        | |  0.7

Action                   |  1- 3 |  4- 6 || total
-------------------------+-------+-------++-------
Melee: Spear             |   187 |    60 ||   247
       Morningstar       |       |    10 ||    10
       Flail             |       |     7 ||     7
  Use: Scroll            |     1 |     6 ||     7
Armor: Leather armour    |    81 |     4 ||    85
       Chain mail        |       |    27 ||    27
Dodge: Dodged            |    90 |    32 ||   122
Block: Other             |       |     5 ||     5
       Reflection        |       |     1 ||     1

Table legend:
 A = Non-vault XP
 B = Vault XP
 C = Vault XP percentage of total XP
 D = Non-vault monster count
 E = Vault monster count
 F = Vault count percentage of total count
                 A         B        C        D         E       F
            +---------+---------+-------+---------+---------+-------
      Total |     500 |      10 |   2.0 |      60 |       5 |   7.7
            +---------+---------+-------+---------+---------+-------
        D:1 |      31 |      10 |  24.4 |      18 |       5 |  21.7
        D:2 |     225 |       0 |   0.0 |      27 |       0 |   0.0
        D:3 |     164 |       0 |   0.0 |      13 |       0 |   0.0
        D:6 |      80 |       0 |   0.0 |       2 |       0 |   0.0
            +---------+---------+-------+---------+---------+-------
